 Dungeon Crawl Stone Soup version 0.20-a0-303-g575bbf7 (webtiles) character file.

1272 Faca the Chopper (level 8, -13/62 HPs)
             Began as a Formicid Fighter on Dec 17, 2016.
             Was a Priest of Okawaru.
             Mangled by an orc warrior
             ... wielding a +0 trident
              (14 damage)
             ... on level 5 of the Dungeon.
             The game lasted 00:12:32 (4455 turns).

Faca the Chopper (Formicid Fighter)                 Turns: 4455, Time: 00:12:32

Health: -13/62     AC: 13    Str: 21    XL:     8   Next: 83%
Magic:  8/8        EV:  5    Int:  8    God:    Okawaru [***...]
Gold:   191        SH: 10    Dex: 12    Spells: 7/7 levels left

rFire  . . .     SeeInvis +     a - +0 war axe
rCold  . . .     Gourm    +     h - +1 plate armour
rNeg   . . .     Faith    .     c - +0 shield
rPois  .         Spirit   .     (helmet unavailable)
rElec  .         Reflect  .     (no cloak)
rCorr  .         Harm     .     (no gloves)
MR     .....                    (no boots)
Stlth  ..........               g - amulet of the gourmand
                                (no ring)
                                (no ring)

@: no status effects
A: permanent stasis, dig shafts and tunnels, four strong arms, antennae 3
a: Dig, Shaft Self, Heroism, Renounce Religion


You were on level 5 of the Dungeon.
You worshipped Okawaru.
Okawaru was most pleased with you.
You were completely stuffed.

You visited 1 branch of the dungeon, and saw 5 of its levels.

You collected 191 gold pieces.

Inventory:

Hand Weapons
 a - a +0 war axe (weapon)
Armour
 c - a +0 shield (worn)
 h - a +1 plate armour (worn)
Jewellery
 g - an amulet of the gourmand (around neck)
Scrolls
 b - a scroll of magic mapping
 k - 3 scrolls of identify
 m - 3 scrolls of remove curse
Potions
 e - a potion of magic
 i - a potion of cancellation
 l - a potion of lignification
 p - 2 potions of curing
Comestibles
 d - 4 chunks of flesh
 f - 4 bread rations
 j - a slice of pizza
 n - a meat ration
 o - 4 fruits


   Skills:
 + Level 5.3 Fighting
 + Level 6.7 Axes
 + Level 5.8 Armour
 + Level 0.1 Dodging
 + Level 1.5 Stealth
 + Level 6.6 Shields


You had 7 spell levels left.
You didn't know any spells.

Dungeon Overview and Level Annotations

Branches:
Dungeon (5/15)             Temple (0/1) D:4

Altars:
Elyvilon
Okawaru
Qazlal


Innate Abilities, Weirdness & Mutations

You cannot be hasted, slowed, berserked, paralysed or teleported.
You can dig through walls and to a lower floor.
Your four strong arms can wield two-handed weapons with a shield.
You have a pair of large antennae on your head. (SInv)


Message History

The adder barely misses you. You block the orc warrior's attack.
The orc wizard hits you but does no damage.
The adder bites you but does no damage.
You hit the orc warrior but do no damage.
You closely miss the adder. You barely miss the orc wizard.
The orc wizard hits you but does no damage.
You block the adder's attack.
The orc warrior hits you with a trident.
You block the orc wizard's attack.
You closely miss the orc warrior. You miss the adder. You hit the orc wizard.
You block the adder's attack.
The orc wizard gestures wildly while chanting.
The orc warrior hits you with a trident!!
* * * LOW HITPOINT WARNING * * *
The adder bites you but does no damage.
The orc wizard hits you but does no damage.
You barely miss the orc warrior. You hit the orc wizard. You miss the adder.
The adder bites you but does no damage.
The orc warrior hits you with a trident!
You die...

...#####.....##.#####....
+...'.....'...........
...#####.....##.#######..
.......'......#.# ##.
...#####......#.# #####.
#..'......#.# #...#.
#.##......#.# ##...#'
#.#.)o....#.# #....).
#.##@S#.#.#.# #......
#.##o.#.#.#.# #......
#.#.....# #......
#.###.###.# #......
#.........# #......
#####.##### #...... ....
#...... #.### #...... #.#
######.


You could see an orc warrior, an orc wizard and an adder.

Vanquished Creatures
  The ghost of Uniporpoise the Grave Robber, an amateur OgNe (D:4)
  Sigmund (D:5)
  Eustachio (D:5)
  Menkaure (D:5)
  An ice beast (D:5)
  An ogre (D:5)
  A centaur (D:5)
  A howler monkey (D:5)
  A crimson imp (D:5)
  A hound (D:5)
  Terence (D:2)
  A worker ant (D:5)
  A hound zombie (D:5)
  A hound skeleton (D:5)
  A gnoll (D:1)
  6 adders
  An adder skeleton (D:4)
  2 worms (D:3)
  4 dart slugs
  A leopard gecko (D:5)
  13 orcs
  2 ball pythons
  3 bats
  10 giant cockroaches
  6 hobgoblins
  4 jackals (D:4)
  A frilled lizard (D:3)
  6 goblins
  6 kobolds
  A leopard gecko zombie (D:5)
  4 rats
85 creatures vanquished.

Notes
Turn   | Place    | Note
-------+----------+-------------------------------------------
     0 | D:1      | Faca the Formicid Fighter began the quest for the Orb.
     0 | D:1      | Reached XP level 1. HP: 18/18 MP: 1/1
   138 | D:1      | Reached XP level 2. HP: 22/24 MP: 2/2
   321 | D:1      | Reached XP level 3. HP: 24/30 MP: 3/3
   895 | D:2      | Found an iron altar of Okawaru.
   902 | D:2      | Became a worshipper of Warmaster Okawaru
   931 | D:2      | Reached XP level 4. HP: 21/37 MP: 4/4
  1390 | D:2      | Noticed Terence
  1406 | D:2      | Killed Terence
  1406 | D:2      | Reached XP level 5. HP: 42/42 MP: 5/5
  1452 | D:2      | Found a stormy altar of Qazlal.
  1462 | D:2      | Found a white marble altar of Elyvilon.
  2473 | D:4      | Noticed Uniporpoise's ghost (amateur OgNe)
  2704 | D:4      | HP: 2/42 [Uniporpoise's ghost/nerve-wracking pain (4)]
  2706 | D:4      | Killed Uniporpoise's ghost
  2706 | D:4      | Reached * piety under Okawaru
  2706 | D:4      | Reached ** piety under Okawaru
  2706 | D:4      | Reached skill level 1 in Stealth
  2706 | D:4      | Reached skill level 5 in Shields
  2706 | D:4      | Reached XP level 6. HP: 3/49 MP: 6/6
  2706 | D:4      | Reached XP level 7. HP: 4/55 MP: 7/7
  3027 | D:4      | Found a staircase to the Ecumenical Temple.
  3566 | D:5      | Entered Level 5 of the Dungeon
  3578 | D:5      | Noticed Sigmund
  3588 | D:5      | Reached skill level 5 in Armour
  3608 | D:5      | Killed Sigmund
  3608 | D:5      | Reached skill level 5 in Axes
  3826 | D:5      | Noticed Menkaure
  3832 | D:5      | Killed Menkaure
  3832 | D:5      | Reached skill level 5 in Fighting
  3832 | D:5      | Reached XP level 8. HP: 55/62 MP: 8/8
  4001 | D:5      | Reached *** piety under Okawaru
  4306 | D:5      | Noticed Eustachio
  4325 | D:5      | Killed Eustachio
  4454 | D:5      | HP: 1/62 [orc warrior/trident (18)]
  4455 | D:5      | Mangled by an orc warrior

Vault maps used:
D:1:      lemuel_arrival_lava_pool
D:2:      okawaru_gym_becter, amethyst_overflow_temple_binary, uniq_terence
D:3:      first_bread
D:4:      lemuel_upstairs_altar
D:5:      serial_corexii_hall, corexii_hall_statues_u, corexii_hall_statues_l,
          kennysheep_windowed_goal, uniq_menkaure, uniq_duvessa, uniq_sigmund,
          uniq_blork_the_orc, uniq_eustachio

Skill      XL: |  1  2  3  4  5  6  7  8 |
---------------+-------------------------+-----
Armour         | 4 5 |  5.8
Shields        | 4 5 6 |  6.6
Fighting       | 4 5 |  5.3
Axes           | 3 4 5 6 |  6.7
Stealth        | 1 |  1.5
Dodging        | |  0.1

Action                   |  1- 3 |  4- 6 |  7- 9 || total
-------------------------+-------+-------+-------++-------
Melee: War axe           |    95 |   108 |   166 ||   369
  Use: Scroll            |     4 |     5 |     5 ||    14
       Potion            |       |     1 |     2 ||     3
  Eat: Chunk             |       |     8 |    13 ||    21
       Royal jelly       |       |     1 |       ||     1
Armor: Scale mail        |     4 |       |       ||     4
       Plate armour      |    67 |    66 |    94 ||   227
Dodge: Dodged            |    20 |    16 |    44 ||    80
Block: Shield            |    44 |    52 |   125 ||   221
